Map: Givre EC

Players

ChickenWings - Winner!

  • Race: Terran Terran
  • League: Master

Worming

  • Race: Zerg Zerg
  • League: Diamond

VOD

Have the link to the VOD?

Description

Time

  • Played on: Oct. 1, 2016, 10:16 a.m.
  • Length: 5:58
Show
View Real Time Build Order
Export as new Build Order

ChickenWings Terran - Winner!

Build Orders: Reaper Expand 

Get SALT Encoding   

  12  0:01  SCV  
  13  0:13  SCV  
  14  0:17  Supply Depot  
  14  0:25  SCV  
  15  0:39  SCV  
  15  0:40  Barracks  
  16  0:44  Refinery  
  16  0:51  SCV  
  17  1:04  SCV  
  18  1:16  SCV  
  19  1:27  Reaper  
  19  1:28  Orbital Command  
  20  1:45  Command Center  
  20  1:53  SCV  
  21  2:02  Barracks  
  21  2:08  Barracks Reactor  
  21  2:10  SCV  
  21  2:12  Supply Depot  
  22  2:19  Refinery  
  22  2:22  SCV  
  23  2:34  SCV  
  24  2:40  Factory  
  24  2:45  Marine x2  
  24  2:46  SCV  
  27  2:54  Barracks Tech Lab  
  26  2:58  Orbital Command, SCV  
  26  3:04  Marine x2  
  29  3:11  SCV  
  29  3:12  Stimpack  
  30  3:17  Marine  
  31  3:22  Marine x2  
  31  3:23  SCV  
  31  3:24  SCV  
  35  3:29  Starport  
  35  3:35  Factory Reactor  
  35  3:37  Marine  
  35  3:40  Marine x2, SCV  
  40  3:41  SCV  
  40  3:46  Supply Depot  
  40  3:55  Marine  
  40  3:59  SCV x2  
  40  4:00  Marine x2  
  40  4:01  Supply Depot  
  44  4:08  Supply Depot  
  44  4:13  Marine  
  44  4:16  SCV  
  46  4:22  Medivac x2, SCV, Marine  
  46  4:24  Supply Depot  
  52  4:28  SCV  
  52  4:31  Supply Depot  
  53  4:33  Marine x2  
  53  4:34  SCV  
  56  4:39  Widow Mine  
  56  4:40  SCV  
  59  4:47  Supply Depot, SCV  
  60  4:52  SCV  
  60  4:58  Marine  
  60  4:59  SCV, Marine x2  
  65  5:02  Command Center  
  65  5:09  Engineering Bay  
  65  5:10  Engineering Bay  
  65  5:13  Supply Depot  
  65  5:14  SCV x2  
  65  5:16  Marine  
  65  5:20  Medivac  
  70  5:26  SCV  
  71  5:29  Refinery, SCV  
  71  5:30  Refinery  
  71  5:32  Marine  
  73  5:38  SCV  
  73  5:41  SCV  
  75  5:44  Factory Reactor  
  75  5:45  Barracks  
Show
View Real Time Build Order
Export as new Build Order

Worming Zerg 

Build Orders: Hatch First 

Get SALT Encoding   

  12  0:01  Drone  
  13  0:13  Overlord  
  13  0:17  Drone  
  14  0:33  Drone x2  
  16  0:50  Drone  
  16  0:56  Drone, Hatchery  
  17  0:59  Extractor  
  17  1:00  Drone  
  17  1:20  Spawning Pool  
  17  1:24  Drone x2  
  18  1:31  Drone  
  19  1:42  Drone  
  20  1:50  Overlord  
  20  2:07  Queen  
  20  2:08  Queen  
  22  2:09  Zergling x4  
  22  2:13  Metabolic Boost  
  26  2:22  Drone x3  
  29  2:32  Zergling x2  
  29  2:43  Queen  
  31  2:48  Zergling x2  
  31  2:54  Drone x4  
  35  3:02  Overlord  
  35  3:25  Zergling x6  
  35  3:26  Zergling x2  
  39  3:30  Hatchery  
  39  3:31  Drone x4  
  42  3:42  Overlord  
  41  4:09  Drone x9  
  50  4:13  Lair  
  50  4:14  Roach Warren  
  50  4:15  Extractor  
  50  4:16  Evolution Chamber  
  47  4:17  Extractor  
  47  4:23  Drone x3  
  49  4:30  Drone x3  
  52  4:32  Overlord x3  
  52  4:47  Drone x2  
  52  4:49  Drone  
  55  4:56  Drone x4  
  59  5:06  Drone x5  
  64  5:12  Extractor  
  64  5:13  Drone  
  64  5:15  Drone  
  64  5:19  Drone  
  66  5:29  Overlord  
  66  5:30  Roach x4  
  66  5:31  Overseer  
Tags
 
Add a new tag
Caveats
  • Supply blocks, unpowered buildings, or Contaminate may cause inaccurate times.
  • Supply counts are checked every 10 seconds.